 Dungeon Crawl Stone Soup version 0.19.1 (webtiles) character file.

108 RaHiT the Magician (level 4, -5/30 HPs)
             Began as a Mummy Conjurer on Nov 28, 2016.
             Killed from afar by Sigmund (7 damage)
             ... with a magic dart
             ... on level 3 of the Dungeon.
             The game lasted 00:18:50 (3239 turns).

RaHiT the Magician (Mummy Conjurer)                 Turns: 3239, Time: 00:18:51

Health: -5/30      AC:  3    Str: 11    XL:     4   Next: 58%
Magic:  1/10       EV: 12    Int: 15    God:
Gold:   129        SH:  0    Dex: 12    Spells: 2 memorised, 8 levels left

rFire  x . .     SeeInvis .     g - -1 dagger (curse)
rCold  + . .     Gourm    .     a - +0 robe
rNeg   + + +     Faith    .     (no shield)
rPois  ∞         Spirit   .     (no helmet)
rElec  .         Reflect  +     (no cloak)
rCorr  .         Harm     .     i - +0 pair of gloves
MR     .....                    (no boots)
Stlth  +.........               f - +4 amulet of reflection
                                (no ring)
                                (no ring)

@: confused
A: no food or potions, fire vulnerability, cold resistance 1, negative energy
resistance 3, torment resistance, unbreathing
a: no special abilities


You were on level 3 of the Dungeon.
You were not hungry.

You visited 1 branch of the dungeon, and saw 3 of its levels.

You collected 129 gold pieces.

Inventory:

Hand Weapons
 g - a cursed -1 dagger (weapon)
 m - a +4 dagger of venom
Missiles
 h - 57 stones (quivered)
 n - 15 poisoned needles
Armour
 a - a +0 robe (worn)
 d - a +1 scale mail of cold resistance
 i - a +0 pair of gloves (worn)
Jewellery
 f - a +4 amulet of reflection (around neck)
Wands
 e - a wand of polymorph (11/24)
Scrolls
 c - 2 scrolls of identify {unknown}
 j - a scroll of fear {unknown}
 k - a scroll of remove curse {unknown}
 l - a scroll of noise {unknown}
Books
 b - a book of Conjurations

   Spells                             Type                      Level
   a - Magic Dart                     Conjuration                  1
   b - Searing Ray                    Conjuration                  2
   c - Dazzling Spray                 Conjuration/Hexes            3
   d - Fulminant Prism                Conjuration/Hexes            4
   e - Iskenderun's Mystic Blast      Conjuration                  4
   f - Iskenderun's Battlesphere      Conjuration/Charms           5
 o - a book of Maledictions

   Spells                             Type                      Level
   a - Corona                         Hexes                        1
   b - Ensorcelled Hibernation        Hexes/Ice                    2
   c - Confuse                        Hexes                        3
   d - Tukima's Dance                 Hexes                        3
   e - Dazzling Spray                 Conjuration/Hexes            3


   Skills:
 - Level 1.5 Dodging
 - Level 1.5 Stealth
 - Level 4.0 Spellcasting
 * Level 3.8 Conjurations


You had 8 spell levels left.
You knew the following spells:

 Your Spells              Type           Power        Failure   Level  Hunger
a - Magic Dart            Conj           ##..         4%          1    N/A
q - Searing Ray           Conj           ##....       8%          2    N/A

Dungeon Overview and Level Annotations

Branches:
Dungeon (3/15)

Altars:
Qazlal
Uskayaw

Annotations:
D:3 Sigmund


Innate Abilities, Weirdness & Mutations

You do not eat or drink.
Your flesh is vulnerable to fire.
You are immune to poison.
Your flesh is cold resistant. (rC+)
You are immune to negative energy. (rN+++)
You are immune to unholy pain and torment.
You can survive without breathing.


Message History

Press: ? - help, Shift-Dir - straight line, f/p - Sigmund
Aim: Sigmund, wielding a scythe and wearing a robe (moderately wounded)
The searing ray hits Sigmund.
Sigmund is heavily wounded.
Sigmund mumbles some strange words.
Sigmund flickers and vanishes!
Deactivating autopickup; reactivate with Ctrl-A.
The searing ray hits something.
Something hits you!
You finish channeling your searing ray.
You hear some strange, mumbled words.
You are confused.
Something hits you but does no damage.
In your confused state, you trip and fall back down the stairs.
Something hits you!
In your confused state, you trip and fall back down the stairs.
Something hits you!
* * * LOW HITPOINT WARNING * * *
A magic dart appears from out of thin air!
The magic dart hits you!
You die...

####.............
##......?.####....
##........)........
#........##.###.###
#........##.# #.# #
#.......###.# #+###
##.....## #.. +_###
######<..#####.#
#+###
##....@.........# #
.........{.......#
# ....#####.#####..
...... .## #.# .
....## #.# ### #.##
#.#.######
$.#.#.....# #
###.#.####.########


There were no monsters in sight!

Vanquished Creatures
  4 adders (D:2)
  An ooze (D:3)
  2 worms (D:2)
  2 dart slugs
  A leopard gecko (D:1)
  2 ball pythons
  4 giant cockroaches
  4 goblins
  6 hobgoblins
  6 jackals
  6 kobolds
  7 bats
  6 frilled lizards
  5 rats
56 creatures vanquished.

Notes
Turn   | Place    | Note
-------+----------+-------------------------------------------
     0 | D:1      | RaHiT the Mummy Conjurer began the quest for the Orb.
     0 | D:1      | Reached XP level 1. HP: 13/13 MP: 3/3
   305 | D:1      | Reached XP level 2. HP: 14/19 MP: 0/5
   309 | D:1      | Learned a level 2 spell: Searing Ray
   809 | D:1      | Reached skill level 3 in Spellcasting
  1054 | D:2      | Reached XP level 3. HP: 24/24 MP: 2/7
  1606 | D:2      | Reached skill level 4 in Spellcasting
  1636 | D:2      | Reached XP level 4. HP: 11/30 MP: 0/10
  1731 | D:2      | Found a stormy altar of Qazlal.
  2787 | D:3      | Found a hide-covered altar of Uskayaw.
  2881 | D:3      | Noticed Sigmund
  2935 | D:3      | HP: 1/30 [Sigmund/magic dart (8)]
  3239 | D:3      | Killed from afar by Sigmund

Skill      XL: |  1  2  3 |
---------------+----------+-----
Spellcasting   | 3 4 |  4.0
Dodging        | |  1.5
Stealth        | |  1.5
Conjurations   | |  3.8

Action                   |  1- 3 |  4- 6 || total
-------------------------+-------+-------++-------
Melee: Unarmed           |    22 |       ||    22
       Dagger            |    36 |    33 ||    69
Throw: Stone             |     5 |       ||     5
 Cast: Magic Dart        |    47 |    12 ||    59
       Searing Ray       |    11 |    12 ||    23
  Use: Scroll            |       |     3 ||     3
 Stab: Sleeping          |     1 |     1 ||     2
Armor: Robe              |    29 |    22 ||    51
Dodge: Dodged            |    57 |    34 ||    91
Block: Other             |     9 |    15 ||    24
